 Dungeon Crawl Stone Soup version 0.29-a0-1043-g569b05d6ff (webtiles) character file.

Game seed: 10576941177245440590

1453 siradein the Fighter (level 8, -3/74 HPs)
             Began as a Hill Orc Hunter on Aug 15, 2022.
             Slain by a killer bee (4 damage)
             ... on level 5 of the Dungeon.
             The game lasted 00:13:51 (5929 turns).

siradein the Fighter (Hill Orc Hunter)              Turns: 5929, Time: 00:13:52

Health: -3/74      AC:  8    Str: 14    XL:     8   Next: 75%
Magic:  8/8        EV: 11    Int:  9    God:
Gold:   222        SH:  5    Dex: 16    Spells: 7/7 levels left

rFire   . . .      SeeInvis .   k - +0 dagger (venom)
rCold   + . .      Faith    .   (no shield)
rNeg    . . .      Spirit   .   h - +0 ring mail
rPois   .          Reflect  +   (no helmet)
rElec   .          Harm     .   e - +0 cloak
rCorr   .          Rampage  .   s - +0 pair of gloves
Will    .....                   (no boots)
Stlth   +.........              i - amulet of reflection
HPRegen 0.22/turn               t - ring of protection from cold
MPRegen 0.11/turn               (no ring)

@: lethally poisoned (-3 -> -10), studying Polearms
A: no striking features
a: no special abilities


You were on level 5 of the Dungeon.
You visited 1 branch of the dungeon, and saw 5 of its levels.
You also visited: Ossuary.

You collected 222 gold pieces.

Inventory:

Hand Weapons
 a - a +0 shortbow
 k - a +0 dagger of venom (weapon)
 q - a +0 eveningstar
 u - a +0 arbalest
Armour
 e - a +0 cloak (worn)
 h - a +0 ring mail (worn)
 s - a +0 pair of gloves (worn)
Jewellery
 i - an amulet of reflection (around neck)
 t - a ring of protection from cold (left hand)
Wands
 j - a wand of flame (23)
Scrolls
 b - a scroll of immolation
 c - 2 scrolls of blinking {unknown}
 d - 2 scrolls of vulnerability {unknown}
 f - a scroll of brand weapon {unknown}
 o - a scroll of poison {unknown}
 r - a scroll of torment {unknown}
 x - a scroll of magic mapping {unknown}
Potions
 g - 3 potions of flight
 l - 2 potions of magic
 m - 3 potions of curing
 n - a potion of lignification {unknown}
 p - 2 potions of brilliance {unknown}
 v - a potion of haste {unknown}
 w - 3 potions of might {unknown}


   Skills:
 + Level 8.3 Fighting
 + Level 7.1 Ranged Weapons
 + Level 5.1 Armour
 - Level 1.5 Dodging
 - Level 0.7 Stealth


You had 7 spell levels left.
You didn't know any spells.
Your spell library contained the following spells:

 Spells                   Type           Power      Damage    Failure   Level
 Ensorcelled Hibernation  Hex/Ice        0%         N/A       75%         2
 Spider Form              Tmut/Pois      0%         N/A       93%         3
 Anguish                  Hex/Necr       0%         N/A       100%        4


Dungeon Overview and Level Annotations

Branches:
Dungeon (5/15)            Ossuary (visited)
 Temple: D:4-7

Altars:
Cheibriados
Xom

Annotations:
D:3 2 runed translucent doors, wingedge's ghost, amateur HuWn


Message History

Unknown command.
You feel better. The killer bee stings you!
* * * LOW HITPOINT WARNING * * *
You are poisoned.
The killer bee poisons you! The killer bee stings you.
* * * LOW HITPOINT WARNING * * *
You miss the killer bee.
* * * LOW HITPOINT WARNING * * *
You feel sick. The killer bee barely misses you. x2
Unknown command.
You feel better. The killer bee misses you.
The killer bee stings you but does no damage.
You hit the killer bee.
The killer bee is poisoned.
The killer bee is lightly wounded.
You block the killer bee's attack. x2
You hit the killer bee but do no damage.
The killer bee looks even sicker.
The killer bee is moderately wounded.
The killer bee stings you but does no damage.
The killer bee stings you.
* * * LOW HITPOINT WARNING * * *
The killer bee stings you but does no damage.
You hit the killer bee.
The killer bee is heavily wounded.
You kill the killer bee!
The killer bee stings you but does no damage.
You miss the killer bee. The killer bee barely misses you.
The killer bee closely misses you.
You hit the killer bee.
The killer bee is poisoned.
The killer bee is lightly wounded.
The killer bee stings you.
* * * LOW HITPOINT WARNING * * *
You are poisoned.
The killer bee poisons you! The killer bee stings you!
* * * LOW HITPOINT WARNING * * *
You barely miss the killer bee.
The killer bee is heavily wounded.
* * * LOW HITPOINT WARNING * * *
You feel sick. You block the killer bee's attack. The killer bee stings you.
You die...

##### #...# ##.#.#
###.<..#
#.[..#################!
#)##)>).......@y†......
#.###.#.###############
#.....#.####
####..#....# #..####.#
####..##...#
#.....##.### #.###.##.#
########## #.###.##.#
#........#


You could see a killer bee (very poisoned).

Vanquished Creatures
  A water moccasin (D:5)
  2 black bears (D:4)
  2 scorpions (D:5)
  A necrophage (D:2)
  6 water moccasin zombies (Ossuary)
  3 killer bees (D:5)
  A howler monkey (D:4)
  A hound (D:4)
  2 jellies (D:4)
  2 iguanas (D:4)
  Ijyb (D:5)
  2 orc wizards
  3 mummies
  7 gnolls
  4 adders
  An adder zombie (Ossuary)
  2 worms
  3 dart slugs
  11 orcs
  4 ball pythons
  5 bats
  13 endoplasms
  2 giant cockroaches
  11 goblins
  4 hobgoblins
  6 jackals (D:2)
  12 kobolds
  2 quokkas
  10 frilled lizards
  3 gnoll zombies (Ossuary)
  7 hobgoblin zombies
  7 kobold zombies (Ossuary)
  5 orc zombies
  2 rats
148 creatures vanquished.

Notes
Turn   | Place    | Note
-------+----------+-------------------------------------------
     0 | D:1      | siradein the Hill Orc Hunter began the quest for the Orb.
     0 | D:1      | Reached XP level 1. HP: 18/18 MP: 1/1
   290 | D:1      | Reached XP level 2. HP: 25/25 MP: 2/2
   355 | D:1      | Reached skill level 3 in Fighting
   686 | D:1      | Reached XP level 3. HP: 31/31 MP: 3/3
   930 | D:2      | Found a snail-covered altar of Cheibriados.
   939 | D:2      | Noticed a necrophage
   961 | D:2      | Killed a necrophage
   962 | D:2      | Reached skill level 4 in Fighting
   962 | D:2      | Reached XP level 4. HP: 16/40 MP: 4/4
  1528 | D:2      | Reached XP level 5. HP: 47/47 MP: 5/5
  1779 | D:2      | Found a faded altar of an unknown god.
  1964 | D:3      | Reached skill level 5 in Fighting
  2030 | D:3      | Reached skill level 5 in Ranged Weapons
  2343 | D:3      | Found a large runed translucent door.
  2343 | D:3      | Found a large runed translucent door.
  2348 | D:3      | Noticed wingedge's ghost (amateur HuWn)
  2637 | D:3      | Reached XP level 6. HP: 56/56 MP: 6/6
  2639 | D:3      | Found a shimmering altar of Xom.
  3076 | D:4      | Noticed a black bear
  3095 | D:4      | Killed a black bear
  3689 | D:4      | Reached skill level 6 in Fighting
  3734 | D:4      | Found a sand-covered staircase.
  3750 | Ossuary  | Entered an ossuary
  3935 | Ossuary  | Reached skill level 1 in Armour
  3946 | Ossuary  | Reached XP level 7. HP: 52/63 MP: 7/7
  4286 | Ossuary  | Reached skill level 7 in Fighting
  4546 | D:4      | Noticed a steam dragon
  4626 | D:4      | Reached XP level 8. HP: 57/73 MP: 8/8
  5354 | D:5      | Entered Level 5 of the Dungeon
  5363 | D:5      | Noticed Ijyb
  5381 | D:5      | Killed Ijyb
  5512 | D:5      | Reached skill level 8 in Fighting
  5918 | D:5      | Reached skill level 5 in Armour
  5928 | D:5      | HP: 3/74 [killer bee (8)]
  5929 | D:5      | HP: 1/74 [poisoned by a killer bee]
  5929 | D:5      | Slain by a killer bee

Illustrated notes

Levels and vault maps discovered:
D:1:      erik_arrival_blinker_ship, layout_loops_ring
D:2:      layout_loops_ring, ebering_ecumenical_altar_webs, basic_altar,
          minmay_tiny_reverse_x
D:3:      layout_basic, tgw_xom, ebering_ghost_disaster_area, feat_on_display
D:4:      minmay_clustersquares, layout_cave_pods, serial_column_ruins,
          column_ruins_hut, column_ruins_open_tiny, column_ruins_grid_3,
          column_ruins_corridor_T, column_ruins_open_tiny,
          column_ruins_columns_straight, nicolae_ossuary_entry_giza,
          minmay_manual_moon
D:5:      layout_basic, mainiacjoe_overflow_alcove_2, serial_shops,
          nicolae_shop_window_shopping, uniq_ijyb, uniq_pikel

Skill      XL: |  1  2  3  4  5  6  7  8 |
---------------+-------------------------+-----
Fighting       | 3 4 5 6 7 8 |  8.3
Ranged Weapons | 4 5 6 7 |  7.1
Armour         | 1 3 5 |  5.1
Dodging        | |  1.5
Stealth        | |  0.7

Action                   |  1- 3 |  4- 6 |  7- 9 || total
-------------------------+-------+-------+-------++-------
Melee: Dagger            |       |    20 |    27 ||    47
       Eveningstar       |       |       |    63 ||    63
       Punch             |       |       |     1 ||     1
 Fire: Shortbow          |    88 |   214 |   142 ||   444
  Use: Scroll            |       |       |     4 ||     4
       Potion            |       |       |     2 ||     2
Armor: Leather armour    |     5 |       |       ||     5
       Ring mail         |     8 |    50 |    77 ||   135
Dodge: Dodged            |    18 |    82 |    96 ||   196
Block: Other             |     8 |    52 |    43 ||   103

Table legend: (Time is in decaauts)
 A = Elapsed time spent in this place.
 B = Non-inter-level travel time spent in this place.
 C = Inter-level travel time spent in this place.
 D = Time resting spent in this place.
 E = Time spent auto-exploring this place.
 F = Levels seen in this place.
 G = Mean time per level.
                   A        B        C        D        E       F      G
               +--------+--------+--------+--------+--------+-----+--------+
         Total |   6111 |   5404 |    707 |      0 |   4282 |   6 | 1018.5 |
       Dungeon |   5363 |   4656 |    707 |      0 |   3702 |   5 | 1072.6 |
       Ossuary |    747 |    747 |      0 |      0 |    580 |   1 |  747.0 |
               +--------+--------+--------+--------+--------+-----+--------+

Top non-repeatable levels by time:
     D:4: 1632 daAuts
     D:3: 1218 daAuts
     D:2: 994 daAuts
     D:1: 941 daAuts
 Ossuary: 747 daAuts
     D:5: 576 daAuts
